 Dungeon Crawl Stone Soup version 0.28.0-43-g3370ac3207 (webtiles) character file.

Game seed: 1063332639295671614

58 Pemander the Vexing (level 3, -1/14 HPs)
             Began as a Felid Enchanter on Mar 17, 2022.
             Slain by a hobgoblin
             ... wielding a +0 dagger
              (7 damage)
             ... on level 3 of the Dungeon.
             The game lasted 00:03:37 (3279 turns).

Pemander the Vexing (Felid Enchanter)               Turns: 3279, Time: 00:03:37

Health: -1/14      AC:  1    Str:  4    XL:     3   Next: 76%
Magic:  8/8        EV: 17    Int: 16    God:
Gold:   100        SH:  0    Dex: 18    Spells: 2/7 levels left
                                        Lives:  0   Deaths: 0

rFire   . . .      SeeInvis +     - Unarmed
rCold   . . .      Faith    .   (shield unavailable)
rNeg    . . .      Spirit   .   (armour unavailable)
rPois   .          Reflect  .   (helmet unavailable)
rElec   .          Harm     .   (cloak unavailable)
rCorr   .          Rampage  .   (gloves unavailable)
Will    .....                   (boots unavailable)
Stlth   +++.......              (no amulet)
HPRegen 0.04/turn               (no ring)
MPRegen 0.11/turn               (no ring)

@: quick
A: very small, claws 1, fangs 3, see invisible, speed 1, shaggy fur 1, stealthy
paws, no weapons or thrown items, no armour, multi-lived
a: no special abilities


You were on level 3 of the Dungeon.
You visited 1 branch of the dungeon, and saw 3 of its levels.

You collected 100 gold pieces.

Inventory:

Scrolls
 d - a scroll of blinking {unknown}
 f - a scroll of fog {unknown}
 g - a scroll of fear {unknown}
 i - a scroll of magic mapping {unknown}
 j - a scroll of amnesia {unknown}
 k - a scroll of immolation {unknown}
 l - a scroll of holy word {unknown}
Potions
 a - 3 potions of invisibility
 b - a potion of degeneration {unknown}
 c - a potion of haste {unknown}
 e - a potion of resistance {unknown}
 h - a potion of magic {unknown}
 m - a potion of mutation {unknown}


   Skills:
 - Level 2.6 Dodging
 - Level 4.6 Stealth
 - Level 1.3 Unarmed Combat
 + Level 2.8 Spellcasting
 + Level 5.4 Hexes


You had 2 spell levels left.
You knew the following spells:

 Your Spells              Type           Power      Damage    Failure   Level
a - Ensorcelled Hibernat  Hex/Ice        22%        N/A       10%         2
b - Confusing Touch       Hex            19%        N/A       6%          3

Your spell library contained the following spells:

 Spells                   Type           Power      Damage    Failure   Level
 Tukima's Dance           Hex            19%        N/A       6%          3
 Dazzling Flash           Conj/Hex       22%        N/A       19%         3


Dungeon Overview and Level Annotations

Branches:
Dungeon (3/15)

Altars:

Annotations:
D:3 1 runed translucent door, adizb's ghost, amateur DECj


Innate Abilities, Weirdness & Mutations

You have sharp claws.
You have razor-sharp teeth.
You have supernaturally acute eyesight. (SInv)
You cover ground quickly. (Speed+)
You are covered in fur. (AC +1)
Your paws help you pounce on unaware monsters.
You are incapable of wielding weapons or throwing items.
You cannot wear armour.
You gain extra lives every three experience levels.


Message History

You are very lightly contaminated with residual magic.
Nothing appears to happen.
The adder barely misses you.
Casting: Ensorcelled Hibernation (safe; 10% risk of failure)
Confirm with . or Enter, or press ? or * to list all spells.
Aiming: Ensorcelled Hibernation (safe; 10% risk of failure)
Press: ? - help, Shift-Dir - straight line, f/p - adder
Aim: an adder (chance to affect: 53%)
The adder resists with significant effort.
The adder closely misses you.
Casting: Ensorcelled Hibernation (safe; 10% risk of failure)
Confirm with . or Enter, or press ? or * to list all spells.
Aiming: Ensorcelled Hibernation (safe; 10% risk of failure)
Press: ? - help, Shift-Dir - straight line, f/p - adder
Aim: an adder (chance to affect: 53%)
The adder resists with significant effort.
The adder bites you.
Your magical contamination has completely faded away.
A hobgoblin comes into view. It is wielding a +0 dagger.
The hobgoblin shouts!
You scratch the hobgoblin.
The hobgoblin is heavily wounded.
The adder bites you. The hobgoblin barely misses you. The adder bites you.
There is a stone staircase leading up here.
You climb upwards.
There is a stone staircase leading down here.
You start resting.
Magic restored.
You start resting.
HP restored.
You climb downwards.
Level annotation: 1 runed translucent door, adizb's ghost, amateur DECj
There is a stone staircase leading up here.
Found a stone staircase leading down.
The hobgoblin hits you with a +0 dagger!
Ouch! That really hurt!
You scratch the hobgoblin. You claw the hobgoblin.
The hobgoblin is severely wounded.
The hobgoblin hits you with a +0 dagger!
Ouch! That really hurt!
You die...

...##W##....# ..b#..#
....#+#.....# ......#
#.......#.####..S#.##
#........#.........#
#####.##......>....# #
######.####.........#
#####.#.....S..S.......####
......#.#######g####...#
#...## #@# ...# #.#S#.##
#.# #### ##.##.##.####.#
#.............#
#..##.##.####.# #. ...#.##
#.# ......... #.#
###.##..#. #># # #.##. #.#


You could see an adder and a hobgoblin.

Vanquished Creatures
  A worm (D:2)
  3 dart slugs
  4 endoplasms
  3 giant cockroaches (D:2)
  3 goblins
  5 hobgoblins
  2 jackals (D:1)
  3 quokkas
  4 ball pythons
  4 bats (D:1)
  3 frilled lizards
  6 kobolds
  5 rats
46 creatures vanquished.

Notes
Turn   | Place    | Note
-------+----------+-------------------------------------------
     0 | D:1      | Pemander the Felid Enchanter began the quest for the Orb.
     0 | D:1      | Reached XP level 1. HP: 7/7 MP: 4/4
   106 | D:1      | Found a faded altar of an unknown god.
   535 | D:1      | Reached XP level 2. HP: 7/11 MP: 6/6
   539 | D:1      | Learned a level 2 spell: Ensorcelled Hibernation
  1230 | D:1      | Reached skill level 5 in Hexes
  1232 | D:1      | Reached XP level 3. HP: 14/14 MP: 2/7
  1984 | D:2      | Learned a level 3 spell: Confusing Touch
  2963 | D:3      | Noticed adizb's ghost (amateur DECj)
  3042 | D:3      | Found a runed translucent door.
  3279 | D:3      | Slain by a hobgoblin

Illustrated notes

Levels and vault maps discovered:
D:1:      sevenhm_arrival_forest_fort_small_4, layout_rooms,
          basic_ecumenical_altar
D:2:      minmay_diamond_boxcup, layout_loops_ring, grunt_ministairs_5
D:3:      layout_loops_ring, hellmonk_ghost_happy_afterlife, uniq_natasha

Skill      XL: |  1  2 |
---------------+-------+-----
Hexes          | 5 |  5.4
Dodging        | |  2.6
Stealth        | |  4.6
Unarmed Combat | |  1.3
Spellcasting   | |  2.8

Action                   || total
-------------------------++-------
Melee: Unarmed           ||   129
       Bite              ||    14
       Punch             ||     3
 Cast: Ensorcelled Hiber ||    12
       Confusing Touch   ||     2
 Stab: Sleeping          ||    15
       Confused          ||     1
Armor: Skin              ||     3
Dodge: Dodged            ||    73
